 Dungeon Crawl Stone Soup version 0.21.1-1-g345015f (webtiles) character file.

74 corax the Sneak (level 4, 0/38 HPs)
             Began as a Gnoll Assassin on Mar 27, 2018.
             Slain by an orc
             ... wielding a +0 club
              (1 damage)
             ... on level 3 of the Dungeon.
             The game lasted 00:07:30 (1756 turns).

corax the Sneak (Gnoll Assassin)                    Turns: 1756, Time: 00:07:30

Health: 0/38       AC:  4    Str: 13    XL:     4   Next: 28%
Magic:  5/5        EV: 13    Int: 14    God:
Gold:   118        SH:  2    Dex: 17    Spells: 5/5 levels left

rFire    . . .     SeeInvis .   a - +0 dagger (protect)
rCold    + . .     Gourm    .   (no shield)
rNeg     . . .     Faith    .   r - +0 leather armour {rC+}
rPois    .         Spirit   .   (no helmet)
rElec    .         Reflect  +   d - +0 cloak
rCorr    +         Harm     .   (no gloves)
MR       .....                  (no boots)
Stlth    ++++......             n - +2 amulet of reflection
HPRegen  0.12/turn              i - ring of resist corrosion
MPRegen  0.09/turn              (no ring)

@: no status effects
A: distributed training, fangs 1, strong nose
a: no special abilities


You were on level 3 of the Dungeon.
You were not hungry.

You visited 1 branch of the dungeon, and saw 3 of its levels.

You collected 118 gold pieces.

Inventory:

Hand Weapons
 a - a +0 dagger of protection (weapon)
 b - a +0 blowgun
 o - a +2 dagger
Missiles
 e - 8 poisoned needles
 f - 2 curare-tipped needles
 h - 29 stones (quivered)
 v - 27 arrows
 w - 4 javelins
Armour
 d - a +0 cloak (worn)
 r - a +0 leather armour of cold resistance (worn)
Jewellery
 i - a ring of resist corrosion (left hand)
 n - a +2 amulet of reflection (around neck)
Scrolls
 c - a scroll of amnesia {unknown}
 j - 4 scrolls of identify {unknown}
 l - 2 scrolls of fear {unknown}
 m - a scroll of remove curse {unknown}
 p - 2 scrolls of teleportation {unknown}
 q - a scroll of fog {unknown}
Potions
 k - a potion of agility {unknown}
 s - a potion of heal wounds {unknown}
 t - a potion of haste {unknown}
 u - a potion of lignification {unknown}
Comestibles
 g - 3 rations


   Skills:
 + Level 4.6 Fighting
 + Level 4.6 Short Blades
 + Level 1.0 Long Blades
 + Level 1.0 Axes
 + Level 1.0 Maces & Flails
 + Level 1.0 Polearms
 + Level 1.0 Staves
 + Level 1.0 Slings
 + Level 1.0 Bows
 + Level 1.0 Crossbows
 + Level 4.6 Throwing
 + Level 1.0 Armour
 + Level 2.7 Dodging
 + Level 7.8 Stealth
 + Level 1.0 Shields
 + Level 1.0 Unarmed Combat
 + Level 1.0 Spellcasting
 + Level 0.8 Conjurations
 + Level 0.8 Hexes
 + Level 0.8 Charms
 + Level 0.8 Summonings
 + Level 0.8 Necromancy
 + Level 0.8 Translocations
 + Level 0.8 Transmutations
 + Level 0.8 Fire Magic
 + Level 0.8 Ice Magic
 + Level 0.8 Air Magic
 + Level 0.8 Earth Magic
 + Level 0.8 Poison Magic
 + Level 1.1 Invocations
 + Level 1.0 Evocations


You had 5 spell levels left.
You didn't know any spells.

Dungeon Overview and Level Annotations

Branches:
Dungeon (3/15)

Altars:


Innate Abilities, Weirdness & Mutations

Your experience applies equally to all skills.
You have very sharp teeth.
Your uncanny sense of smell can sniff out nearby items.


Message History

The bat hits you.
You hit the rat.
You kill the rat!
The bat hits you but does no damage.
You closely miss the bat.
The bat is moderately wounded.
The bat closely misses you. The bat closely misses you.
The bat hits you but does no damage. The orc hits you but does no damage.
The bat misses you.
The orc priest mumbles some strange prayers to Beogh against you.
Beogh smites you!
* * * LOW HITPOINT WARNING * * *
There is a stone staircase leading up here.
The bat hits you.
* * * LOW HITPOINT WARNING * * *
The orc hits you with a hand axe!
* * * LOW HITPOINT WARNING * * *
The orc hits you with a club.
You die...

.........#..
.........#. #
.......... ..
.......(.# ...
#..o..(.# .?..
######o##.....
#...boo..#
#...oo...#
#...@o...#
#........#
####.#.###
....# .....#
.......
.......#
......# #.#.K.
#.#..#


You could see an orc priest, 5 orcs and a bat.

Vanquished Creatures
  2 adders (D:2)
  2 worms (D:2)
  2 dart slugs
  A leopard gecko (D:2)
  2 orcs
  A giant cockroach (D:1)
  7 goblins
  3 hobgoblins
  3 jackals (D:1)
  7 bats
  2 frilled lizards
  8 kobolds
  3 rats
43 creatures vanquished.

Notes
Turn   | Place    | Note
-------+----------+-------------------------------------------
     0 | D:1      | corax the Gnoll Assassin began the quest for the Orb.
     0 | D:1      | Reached XP level 1. HP: 20/20 MP: 1/1
    98 | D:1      | Reached XP level 2. HP: 9/26 MP: 2/2
   481 | D:1      | Reached XP level 3. HP: 30/31 MP: 3/3
   953 | D:2      | Reached skill level 1 in Invocations
  1226 | D:2      | Reached skill level 1 in Long Blades
  1226 | D:2      | Reached skill level 1 in Axes
  1226 | D:2      | Reached skill level 1 in Maces & Flails
  1226 | D:2      | Reached skill level 1 in Polearms
  1226 | D:2      | Reached skill level 1 in Staves
  1226 | D:2      | Reached skill level 1 in Slings
  1226 | D:2      | Reached skill level 1 in Bows
  1226 | D:2      | Reached skill level 1 in Crossbows
  1226 | D:2      | Reached skill level 1 in Armour
  1226 | D:2      | Reached skill level 1 in Shields
  1226 | D:2      | Reached skill level 1 in Unarmed Combat
  1226 | D:2      | Reached skill level 1 in Spellcasting
  1226 | D:2      | Reached skill level 1 in Evocations
  1226 | D:2      | Reached XP level 4. HP: 38/38 MP: 5/5
  1756 | D:3      | HP: 1/38 [orc/hand axe (7)]
  1756 | D:3      | Slain by an orc

Skill      XL: |  1  2  3 |
---------------+----------+-----
Invocations    | 1 |  1.1
Long Blades    | 1 |  1.0
Axes           | 1 |  1.0
Maces & Flails | 1 |  1.0
Polearms       | 1 |  1.0
Staves         | 1 |  1.0
Slings         | 1 |  1.0
Bows           | 1 |  1.0
Crossbows      | 1 |  1.0
Armour         | 1 |  1.0
Shields        | 1 |  1.0
Unarmed Combat | 1 |  1.0
Spellcasting   | 1 |  1.0
Evocations     | 1 |  1.0
Fighting       | |  4.6
Short Blades   | |  4.6
Throwing       | |  4.6
Dodging        | |  2.7
Stealth        | |  7.8
Conjurations   | |  0.8
Hexes          | |  0.8
Charms         | |  0.8
Summonings     | |  0.8
Necromancy     | |  0.8
Translocations | |  0.8
Transmutations | |  0.8
Fire Magic     | |  0.8
Ice Magic      | |  0.8
Air Magic      | |  0.8
Earth Magic    | |  0.8
Poison Magic   | |  0.8

Action                   |  1- 3 |  4- 6 || total
-------------------------+-------+-------++-------
Melee: Dagger            |    80 |    55 ||   135
       Bite              |     9 |     6 ||    15
Throw: Stone             |    10 |     3 ||    13
 Stab: Sleeping          |    13 |     2 ||    15
  Eat: Chunk             |     1 |       ||     1
       Ration            |       |     1 ||     1
Armor: Robe              |    18 |       ||    18
       Leather armour    |     3 |    17 ||    20
Dodge: Dodged            |    49 |    32 ||    81
Block: Other             |     1 |     5 ||     6
